 Dungeon Crawl Stone Soup version 0.30.1-3-gfc49f6343a (webtiles) character file.

Game seed: 13838847491775544440

9 hawla the Firebug (level 2, -4/20 HPs)
             Began as a Meteoran Fire Elementalist on July 22, 2023.
             Killed from afar by Natasha (8 damage)
             ... with a magic dart
             ... on level 1 of the Dungeon.
             The game lasted 00:00:31 (95 turns).

hawla the Firebug (Meteoran Fire Elementalist)        Turns: 95, Time: 00:00:31

Health: -4/20      AC:  2    Str:  9    XL:     2   Next: 41%
Magic:  1/7        EV: 12    Int: 16    God:
Gold:   0          SH:  0    Dex: 14    Spells: 4/7 levels left

rFire   . . .        (no weapon)
rCold   . . .        (no shield)
rNeg    . . .        a - +0 robe
rPois   .            (no helmet)
rElec   .            (no cloak)
rCorr   .            (no gloves)
SInv    .            (no boots)
Will    .....        (no amulet)
Stlth   +            (no ring)
HPRegen 0.23/turn    (no ring)
MPRegen 0.10/turn

%: no passive effects
@: slowed, glowing, very slow
A: sense surroundings 1, otherworldly, glowing, explore regen
a: no special abilities


You were on level 1 of the Dungeon.
You visited 1 branch of the dungeon, and saw 2 of its levels.

Inventory:

Armour
 a - a +0 robe (worn)
Scrolls
 d - a scroll of fog {unknown}
Potions
 b - a potion of magic
 c - a potion of lignification {unknown}


   Skills:
 + Level 2.5 Dodging
 - Level 1.4 Stealth
 + Level 3.1 Spellcasting
 + Level 1.2 Conjurations
 + Level 4.0 Fire Magic


You had 4 spell levels left.
You knew the following spells:

 Your Spells              Type           Power      Damage    Failure   Level
a - Foxfire               Conj/Fire      44%        2x1d6     6%          1
b - Scorch                Fire           30%        2d6       5%          2

Your spell library contained the following spells:

 Spells                   Type           Power      Damage    Failure   Level
 Inner Flame              Hex/Fire       9%         N/A       24%         3
 Volatile Blastmotes      Fire/Tloc      18%        2d11      24%         3
 Flame Wave               Conj/Fire      11%        2d6       52%         4


Dungeon Overview and Level Annotations

Branches:
Dungeon (2/15) Zot: 1102

Altars:

Annotations:
D:1 Natasha


Innate Abilities, Weirdness & Mutations

You passively map a small area around you.
You are easily found by Zot.
You glow in the dark.
You regain HP and MP as you explore.


Message History

Your Spellcasting skill increases to level 3!
Casting: Scorch (safe; 5% risk of failure)
Confirm with . or Enter, or press ? or * to list all spells.
You conjure some foxfire!
The adder hisses angrily.
Natasha closely misses you.
Casting: Foxfire (safe; 6% risk of failure)
Confirm with . or Enter, or press ? or * to list all spells.
Flames lash Natasha.
Natasha is moderately wounded.
Natasha's fire resistance burns away.
The foxfire hits Natasha but does no damage.
Natasha is moderately wounded.
The foxfire hits Natasha.
Natasha is moderately wounded.
Natasha claws you but does no damage.
Casting: Scorch (safe; 5% risk of failure)
Confirm with . or Enter, or press ? or * to list all spells.
You conjure some foxfire!
Natasha casts a spell at you. The magic dart hits you!
You hit Natasha but do no damage.
Natasha is moderately wounded.
The foxfire hits Natasha but does no damage.
Natasha is moderately wounded.
The foxfire hits Natasha but does no damage.
Natasha is moderately wounded.
Natasha claws you!
* * * LOW HITPOINT WARNING * * *
Natasha is no longer more vulnerable to fire.
Natasha barely misses you.
You climb upwards.
There is a stone staircase leading down here.
Natasha claws you.
* * * LOW HITPOINT WARNING * * *
Natasha stares at you and mumbles some strange words.
You feel yourself slow down.
Natasha stares at you and mumbles some strange words.
The magic dart hits you!
You die...

, , ,, , , , ,
###############
.............>#
......#######h######
......##........@..#
......##.###.#####.#
####.........** #
............., ,,
...#...######* *
.....### * * ###.##
....###### *
.........# *


You could see Natasha.

Vanquished Creatures
  2 dart slugs
  An endoplasm (D:1)
  2 goblins (D:1)
5 creatures vanquished.

Vanquished Creatures (others)
  11 foxfires
11 creatures vanquished.

Grand Total: 16 creatures vanquished

Notes
Turn   | Place    | Note
-------+----------+-------------------------------------------
     0 | D:1      | hawla the Meteoran Fire Elementalist began the quest for
                  | the Orb.
     0 | D:1      | Reached XP level 1. HP: 14/14 MP: 5/5
    43 | D:1      | Reached skill level 4 in Fire Magic
    43 | D:1      | Reached XP level 2. HP: 20/20 MP: 2/6
    46 | D:1      | Learned a level 2 spell: Scorch
    84 | D:2      | Noticed Natasha
    84 | D:2      | Found a faded altar of an unknown god.
    95 | D:1      | Killed from afar by Natasha

Illustrated notes

Levels and vault maps discovered:
D:1:      saegor_arrival_simple_e, layout_basic
D:2:      layout_loops_ring, nicolae_ecumenical_pavilion, hex_tiny,
          serial_bayou_pond_c, minmay_domino_2, uniq_crazy_yiuf_cottage,
          uniq_natasha

Skill      XL: |  1  2 |
---------------+-------+-----
Fire Magic     | 4 |  4.0
Spellcasting   | 3 |  3.1
Dodging        | |  2.5
Stealth        | |  1.4
Conjurations   | |  1.2

Action                     || total
---------------------------++-------
  Melee: Unarmed           ||     1
   Cast: Foxfire           ||     7
         Scorch            ||     3
 Armour: Robe              ||     1
  Dodge: Dodged            ||     2
